 Dungeon Crawl Stone Soup version 0.32-a0-468-g38b2580584 (webtiles) character file.

Game seed: 17062304319020222136

2 Goblin1989 the Sneak (level 1, 0/18 HPs)
             Began as a Demonspawn Delver on Feb 25, 2024.
             Slain by an orc
             ... wielding a +0 trident
              (4 damage)
             ... on level 4 of the Dungeon.
             The game lasted 00:00:51 (41 turns).

Goblin1989 the Sneak (Demonspawn Delver)              Turns: 41, Time: 00:00:51

Health: 0/18       AC:  3    Str: 12    XL:     1   Next: 25%
Magic:  1/1        EV: 11    Int: 10    God:
Gold:   14         SH:  0    Dex: 14    Spells: 0/0 levels left

rFire   . . .        a - +0 short sword
rCold   . . .        (no shield)
rNeg    . . .        b - +0 leather armour
rPois   .            (no helmet)
rElec   .            (no cloak)
rCorr   .            (no gloves)
SInv    .            (no boots)
Will    .....        (no amulet)
Stlth   ++           (no ring)
HPRegen 0.23/turn    (no ring)
MPRegen 0.07/turn

%: no passive effects
@: lethally poisoned (0 -> -5)
A: no striking features
a: no special abilities


You were on level 4 of the Dungeon.
You visited 1 branch of the dungeon, and saw 2 of its levels.

You collected 14 gold pieces.

Inventory:

Hand Weapons
 a - a +0 short sword (weapon)
Armour
 b - a +0 leather armour (worn)
Wands
 g - a wand of digging (3) {@v3}
Scrolls
 c - a scroll of fog
 d - a scroll of revelation
 e - a scroll of fear
Potions
 f - a potion of haste {@q3,}


   Skills:
 - Level 3.0 Fighting
 + Level 1.8 Short Blades
 - Level 1.7 Dodging
 + Level 4.5 Stealth


You couldn't memorise any spells.
You didn't know any spells.
Your spell library was empty.

Dungeon Overview and Level Annotations

Branches:
Dungeon (5/15) Zot: 11959
 Temple: D:4-7

Altars:

Shops:
D:5 =


Message History

Bad monster_list_colour key: strict_neutral Options error: Unknown explore stop condition 'gates' (Goblin1989.rc:83) Welcome, Goblin1989 the Demonspawn Delver.
It's a long way down to the Orb of Zot, but that shouldn't be any trouble.
Press ? for a list of commands and other information.
Found Meroyz's Jewellery Boutique.
Found a stone staircase leading down and a stone staircase leading up.
There is an entrance to Meroyz's Jewellery Boutique here.
You can access your shopping list by pressing '$'.
There is a stone staircase leading up here.
You climb upwards.
Found 14 gold pieces.
There is a stone staircase leading down here.
You now have 14 gold pieces.
You open the door.
There is an open door here.
You open the door. 2 orcs come into view.
The orc shouts! x2; You hear a shout!
An orc comes into view. It is wielding a +0 dagger.
The orc shouts!
You hit the orc.
The orc is heavily wounded.
You hit the orc.
You kill the orc!
You hear a distant slurping noise.
The orc attacks as it pursues you! The orc misses you.
You hit the orc but do no damage.
An orc comes into view. It is wielding a +0 trident.
The orc barely misses you.
You hit the orc but do no damage. The orc barely misses you.
You hit the orc but do no damage. The orc hits you with a +0 whip.
You take 5 damage, and have 13/18 hp.
MASSIVE DAMAGE!!
The orc attacks as it pursues you! The orc closely misses you.
The orc attacks as it pursues you! The orc hits you but does no damage.
There is an open door here.
You hit the orc.
The orc is heavily wounded.
You hit the orc but do no damage. The orc hits you but does no damage.
The orc hits you with a +0 whip.
You take 2 damage, and have 12/18 hp.
You closely miss the orc. The orc closely misses you.
The orc hits you with a +0 dagger. The orc barely misses you.
You take 1 damage, and have 11/18 hp.
The orc completely misses you. The orc attacks as it pursues you!
The orc barely misses you. The orc attacks as it pursues you!
The orc barely misses you.
There is a stone staircase leading down here.
The orc hits you with a +0 dagger.
You take 1 damage, and have 10/18 hp.
The orc closely misses you. The orc misses you.
The orc attacks as it pursues you! The orc hits you with a +0 whip.
You take 2 damage, and have 9/18 hp.
You open the door. The orc hits you but does no damage. x2
The orc closely misses you.
A kobold comes into view.
It is wielding a +0 club and quivering poisoned darts.
There is an open door here.
The kobold shouts!
You hit the orc but do no damage.
The orc is heavily wounded.
You hear a bark!
The orc hits you with a +0 dagger.
* * * LOW HITPOINT WARNING * * *
The kobold throws a poisoned dart.
The poisoned dart hits you!
You are lethally poisoned!
A hound comes into view.
You take 2 damage, and have 7/18 hp.
You hit the orc but do no damage.
The orc is heavily wounded.
* * * LOW HITPOINT WARNING * * *
You feel sick. The orc hits you but does no damage. The orc barely misses you.
You take 2 damage, and have 5/18 hp.
You hit the orc.
The orc is severely wounded.
* * * LOW HITPOINT WARNING * * *
You feel sick.
The orc hits you from afar with a +0 trident.
You die...

███ ███ ██.██
██.██ █
██...███...██
█.█.....█.....█
█.)..ß..∆..>..▲
█...█.....█.....█
█..█
██...███oo.██ █.
██.██


██o██ ███ █@█ ▲.....▲....h∆. ██...█ █...███ ██.█ █.██ ██ ██ You could see a
hound and 3 orcs.

Vanquished Creatures
  An orc (D:4)
1 creature vanquished.

Notes
Turn   | Place    | Note
-------+----------+-------------------------------------------
     0 | D:5      | Goblin1989 the Demonspawn Delver began the quest for the
                  | Orb.
     0 | D:5      | Reached XP level 1. HP: 18/18 MP: 1/1
    39 | D:4      | Noticed a hound
    41 | D:4      | Slain by an orc

Illustrated notes

Levels and vault maps discovered:
D:4:      dreamdust_elfheim, layout_rooms, nicolae_hexahallways,
          minmay_snake_closets
D:5:      layout_cave_pools, nicolae_qazlal_eye_of_the_storm,
          amcnicky_altar_gilded, minmay_temple_entry_ruins,
          nicolae_stop_n_shop_1, uniq_prince_ribbit1, uniq_sigmund, uniq_grinder

Action                     || total
---------------------------++-------
  Melee: Short sword       ||    11
 Armour: Leather armour    ||    12
  Dodge: Dodged            ||    13

Table legend: (Time is in decaauts)
 A = Elapsed time spent in this place.
 B = Non-inter-level travel time spent in this place.
 C = Inter-level travel time spent in this place.
 D = Time resting spent in this place.
 E = Time spent auto-exploring this place.
 F = Levels seen in this place.
 G = Mean time per level.
                   A        B        C        D        E       F      G
               +--------+--------+--------+--------+--------+-----+--------+
         Total |     40 |     40 |      0 |      0 |      0 |   2 |   20.0 |
       Dungeon |     40 |     40 |      0 |      0 |      0 |   2 |   20.0 |
               +--------+--------+--------+--------+--------+-----+--------+

Top non-repeatable levels by time:
     D:4: 35 daAuts
     D:5: 5 daAuts
